 Dungeon Crawl Stone Soup version 0.29.1-13-g9f3cf754e1 (webtiles) character file.

Game seed: 2837231702639100708

9 H0rd4k the Charlatan (level 2, 0/18 HPs)
             Began as an Octopode Artificer on Feb 8, 2023.
             Slain by a bat (1 damage)
             ... on level 1 of the Dungeon.
             The game lasted 00:00:22 (272 turns).

H0rd4k the Charlatan (Octopode Artificer)            Turns: 272, Time: 00:00:22

Health: 0/18       AC:  1    Str: 11    XL:     2   Next: 12%
Magic:  3/3        EV: 13    Int: 13    God:
Gold:   0          SH:  0    Dex: 12    Spells: 2/2 levels left

rFire   . . .      SeeInvis .   (no weapon)
rCold   . . .      Faith    .   (no shield)
rNeg    . . .      Spirit   .   (helmet restricted)
rPois   .          Reflect  .   (no amulet)
rElec   .          Harm     .   (no ring)
rCorr   .          Rampage  .   (no ring)
Will    .....                   (no ring)
Stlth   +++.......              (no ring)
HPRegen 0.06/turn               (no ring)
MPRegen 0.08/turn               (no ring)
                                (no ring)
                                (no ring)

@: no status effects
A: almost no armour, amphibious, 8 rings, camouflage 1, gelatinous body 1,
(nimble swimmer 1), tentacles
a: no special abilities


You were on level 1 of the Dungeon.
You visited 1 branch of the dungeon, and saw 1 of its levels.

Inventory:

Wands
 b - a wand of flame (15) (quivered)
 c - a wand of charming (15)
 d - a wand of iceblast (5)
Scrolls
 a - a scroll of immolation {unknown}


   Skills:
 * Level 1.5 Fighting
 - Level 2.3 Dodging
 - Level 1.3 Stealth
 + Level 0.2 Unarmed Combat
 * Level 0.8 Spellcasting
 - Level 3.2 Evocations


You had 2 spell levels left.
You didn't know any spells.
Your spell library was empty.

Dungeon Overview and Level Annotations

Branches:
Dungeon (1/15)

Altars:


Innate Abilities, Weirdness & Mutations

You cannot wear most types of armour.
You are amphibious.
You can wear up to eight rings at the same time.
Your skin changes colour to match your surroundings (Stealth+).
Your rubbery body absorbs attacks. (AC +1, EV +1)
((You are camouflaged when in or above water. (Stealth+)))
You have tentacles for arms and can constrict up to eight enemies at once.


Message History

Key pressed, stopping explore.
No target in view!
Found a leather armour.
Found an escape hatch in the floor.
No target in view!
A quokka comes into view.
A goblin and a rat come into view.
Found a lumpy cyan potion.
A bat comes into view.
Found 11 gold pieces.
The helpless quokka fails to defend itself.
You tentacle-slap the quokka but do no damage.
Your grab misses the quokka. The quokka bites you.
You barely miss the quokka. Your grab misses the quokka.
Your squeeze misses the quokka. The bat hits you. The quokka misses you.
You tentacle-slap the quokka. You grab the quokka.
The quokka is lightly wounded.
You constrict the quokka. The quokka closely misses you. The quokka bites you.
The bat closely misses you.
You are too injured to fight recklessly!
You are too injured to fight recklessly!
You are too injured to fight recklessly!
You release your grip on the quokka.
The quokka attacks as you move away! The quokka misses you. The bat hits you.
The rat bites you.
The rat twitches its whiskers.
You closely miss the rat. You grab the rat. You constrict the rat.
You tentacle-slap the rat.
You kill the rat!
The bat hits you.
* * * LOW HITPOINT WARNING * * *
You miss the quokka. Your grab misses the quokka.
The quokka is moderately wounded.
The quokka closely misses you.
You tentacle-slap the quokka. You grab the quokka.
The quokka is heavily wounded.
You constrict the quokka. The quokka misses you. The quokka bites you.
* * * LOW HITPOINT WARNING * * *
You tentacle-slap the quokka. You squeeze the quokka.
You kill the quokka!
The bat hits you.
You die...

#.........g#
#..........#
#........>.# .
#..........# .....
#.......[!.# ......
#..........#
..........#.....:....#
.........#####b######
............#@#####.
......####...........
.............######..
##.....##...........
##.##..#..........
#.###.#......... #†#
#.#.......## #.#
#..........# #.#
##........[##


You could see a bat.

Vanquished Creatures
  4 jackals (D:1)
  A quokka (D:1)
  2 ball pythons (D:1)
  2 rats (D:1)
9 creatures vanquished.

Notes
Turn   | Place    | Note
-------+----------+-------------------------------------------
     0 | D:1      | H0rd4k the Octopode Artificer began the quest for the Orb.
     0 | D:1      | Reached XP level 1. HP: 13/13 MP: 1/1
    45 | D:1      | Reached XP level 2. HP: 8/18 MP: 1/3
   272 | D:1      | Slain by a bat

Illustrated notes

Levels and vault maps discovered:
D:1:      dpeg_arrival_orchard, layout_rooms,
          shapermc_ecumenical_altar_mp_highgroup, minmay_misc_feat_encased

Action                   || total
-------------------------++-------
Melee: Unarmed           ||    33
       Constrict         ||     8
       Tentacles         ||     6
 Stab: Sleeping          ||     2
Armor: Skin              ||     1
Dodge: Dodged            ||    25
